AoeStats
← drangch

Arabia

510224105Analyzed
1v1 RM · 15h ago on Sep 30, 2026· 20m 18s· 2 players
Game mode
Random Map
Map size
Tiny (2 player)
Population
200
Speed
Normal
Resources
Standard
Victory
Conquest
Starting age
Dark Age
Ending age
Imperial Age
RankedLock teamsTeams togetherTeam positionsShared explorationLock speedFull tech treeHidden civsTurbo modeCheats
Victory
Defeat
🇺🇸 Mongols · United States
887
+15
🇺🇸 Varangians · United States
857
-15
Morgan Wyrd
6:01 Loom
9:07 Feudal Age
10:22 Double-Bit Axe
20:43 Bloodlines
drangch
7:47 Feudal Age
6:39 Loom
8:49 Feudal Age
10:08 Double-Bit Axe
19:29 Castle Age
17:35 Horse Collar
19:08 Fletching
Connection lost

Rejoining the realm…

Still unreachable

The connection could not be restored.

Session expired

The server has moved on; the page needs a fresh start.